 Dungeon Crawl Stone Soup version 0.30-a0-374-g95c0257040 (webtiles) character file.

Game seed: 9093535173473367570

49 karrick the Conjurer (level 3, 18/19 (22) HPs)
             Began as a Gargoyle Reaver on Nov 26, 2022.
             Quit the game on level 2 of the Dungeon.
             The game lasted 00:02:51 (998 turns).

karrick the Conjurer (Gargoyle Reaver)               Turns: 998, Time: 00:02:51

HP:   18/19 (22)    AC:  6    Str: 15    XL:     3   Next: 75%
MP:   6/6           EV: 11    Int: 13    God:
Gold: 92            SH:  0    Dex: 10    Spells: 5/6 levels left

rFire   . . .      SeeInvis .    a - +0 mace
rCold   . . .      Faith    .    (no shield)
rNeg    + . .      Spirit   .    b - +0 leather armour
rPois   ∞          Reflect  .    (no helmet)
rElec   +          Harm     .    (no cloak)
rCorr   .          Rampage  .    (no gloves)
Will    .....                    (no boots)
Stlth   +.........               (no amulet)
HPRegen 0.23/turn                (no ring)
MPRegen 0.10/turn                (no ring)

@: heavily drained
A: sickness immunity, AC +3, negative energy resistance 1, electricity
resistance, torment resistance 1, petrification resistance
a: no special abilities


You were on level 2 of the Dungeon.
You visited 1 branch of the dungeon, and saw 2 of its levels.

You collected 92 gold pieces.

Inventory:

Hand Weapons
 a - a +0 mace (weapon)
Armour
 b - a +0 leather armour (worn)
Scrolls
 c - a scroll of amnesia {unknown}
 d - 4 scrolls of identify {unknown}
 e - a scroll of enchant weapon {unknown}
 f - a scroll of enchant armour {unknown}


   Skills:
 + Level 2.7 Fighting
 + Level 3.6 Maces & Flails
 + Level 0.2 Armour
 - Level 1.7 Dodging
 + Level 2.1 Spellcasting
 + Level 3.8 Conjurations


You had 5 spell levels left.
You knew the following spells:

 Your Spells              Type           Power      Damage    Failure   Level
a - Kiss of Death         Conj/Necr      24%        2d7       14%         1

Your spell library contained the following spells:

 Spells                   Type           Power      Damage    Failure   Level
 Momentum Strike          Conj/Tloc      12%        3d8       22%         2
 Hailstorm                Conj/Ice       6%         3d4       38%         3


Dungeon Overview and Level Annotations

Branches:
Dungeon (2/15)

Altars:


Innate Abilities, Weirdness & Mutations

You are immune to sickness and miasma.
Your stone body is resilient. (AC +3)
You are immune to poison.
You resist negative energy. (rN+)
You are resistant to electric shocks. (rElec)
You are resistant to unholy torment.
You are immune to petrification.


Message History

No target in view!
No target in view!
No target in view!
Found a stone staircase leading down.
You see here a +0 long sword.
You open the door.
A kobold comes into view. It is wielding a +0 dagger.
The kobold shouts!
You hear a shout!
A kobold is nearby!
There is an open door here.
You barely miss the kobold. The kobold hits you but does no damage.
A goblin comes into view. It is wielding a +0 club.
The kobold hits you but does no damage.
You barely miss the kobold. The kobold hits you but does no damage.
You closely miss the kobold. The kobold hits you but does no damage.
You completely miss the kobold. The kobold hits you but does no damage.
You barely miss the kobold. You punch the kobold.
The kobold is severely wounded.
The kobold hits you with a +0 dagger.
You hit the kobold.
You kill the kobold!
The goblin hits you but does no damage.
You barely miss the goblin. The goblin hits you but does no damage.
You barely miss the goblin. The goblin barely misses you.
You closely miss the goblin. The goblin closely misses you.
You closely miss the goblin.
The goblin hits you but does no damage. x2
You closely miss the goblin. The goblin misses you.
You barely miss the goblin. The goblin hits you with a +0 club.
You hit the goblin.
You kill the goblin!
No target in view!
No target in view!
No target in view!
No target in view!
No target in view!
No target in view!
No target in view!
No target in view!
Okay, then.
Are you sure you want to abandon this character and quit the game? (Confirm with "yes".)

...........#.........#.##.#####
.#......#.)..........#.##.....#
#..#...#.##.........#.##.######
#..#...#.##.........#.#### ..
........#.##.........# ..
...##.....###........# .. .
##..### #........# .. #..
#........# ## ###@###### #)#
#.# #.. ### #.. #.. #..# #..
.... #.. #... #.. #..


There were no monsters in sight!

Vanquished Creatures
  An adder (D:2)
  A worm (D:2)
  A dart slug (D:1)
  2 endoplasms (D:2)
  A giant cockroach (D:2)
  4 goblins (D:2)
  4 hobgoblins
  2 jackals (D:2)
  4 kobolds
  2 quokkas (D:1)
  2 ball pythons (D:2)
  2 frilled lizards (D:1)
  4 rats
30 creatures vanquished.

Notes
Turn   | Place    | Note
-------+----------+-------------------------------------------
     0 | D:1      | karrick the Gargoyle Reaver began the quest for the Orb.
     0 | D:1      | Reached XP level 1. HP: 12/12 MP: 3/3
   113 | D:1      | Found a faded altar of an unknown god.
   305 | D:1      | Reached XP level 2. HP: 11/17 MP: 5/5
   722 | D:2      | Reached XP level 3. HP: 19/21 MP: 6/6
   998 | D:2      | Quit the game

Illustrated notes

Levels and vault maps discovered:
D:1:      minmay_arrival_statue_studded, layout_rooms,
          nicolae_ecumenical_lake_church, minmay_hexomino_f4
D:2:      layout_basic, wad_floor_pattern_untrapped, nicolae_underground_beach

Action                   || total
-------------------------++-------
Melee: Mace              ||   106
       Punch             ||     2
 Cast: Kiss of Death     ||     2
Armor: Leather armour    ||    54
Dodge: Dodged            ||    50

Table legend: (Time is in decaauts)
 A = Elapsed time spent in this place.
 B = Non-inter-level travel time spent in this place.
 C = Inter-level travel time spent in this place.
 D = Time resting spent in this place.
 E = Time spent auto-exploring this place.
 F = Levels seen in this place.
 G = Mean time per level.
                   A        B        C        D        E       F      G
               +--------+--------+--------+--------+--------+-----+--------+
         Total |   1028 |    997 |     31 |      0 |    771 |   2 |  514.0 |
       Dungeon |   1028 |    997 |     31 |      0 |    771 |   2 |  514.0 |
               +--------+--------+--------+--------+--------+-----+--------+

Top non-repeatable levels by time:
     D:1: 676 daAuts
     D:2: 351 daAuts
